 Dungeon Crawl Stone Soup version 0.31-a0-155-gb63f529262 (webtiles) character file.

Game seed: 4492232277954935241

139 Ijustatesigmund the Stinger (level 5, -4/34 HPs)
             Began as an Octopode Venom Mage on June 12, 2023.
             Slain by an orc
             ... wielding a +0 trident
              (8 damage)
             ... on level 3 of the Dungeon.
             The game lasted 00:05:06 (2993 turns).

Ijustatesigmund the Stinger (Octopode Venom Mage)   Turns: 2993, Time: 00:05:06

Health: -4/34      AC:  1    Str:  8    XL:     5   Next: 22%
Magic:  6/9        EV: 13    Int: 19    God:
Gold:   14         SH:  0    Dex: 12    Spells: 3/9 levels left

rFire   . . .        f - +0 short sword (vamp)
rCold   . . .        (no shield)
rNeg    . . .        (helmet restricted)
rPois   .            (no amulet)
rElec   .            (no ring)
rCorr   .            (no ring)
SInv    .            (no ring)
Will    .....        (no ring)
Stlth   +++          (no ring)
HPRegen 0.25/turn    (no ring)
MPRegen 0.11/turn    (no ring)
                     (no ring)

%: no passive effects
@: hasted, very quick
A: almost no armour, amphibious, 8 rings, camouflage 1, gelatinous body 1,
(nimble swimmer 1), tentacles
a: no special abilities


You were on level 3 of the Dungeon.
You visited 1 branch of the dungeon, and saw 4 of its levels.

You collected 14 gold pieces.

Inventory:

Hand Weapons
 f - a +0 vampiric short sword (weapon)
Wands
 l - a wand of flame (18)
Scrolls
 g - a scroll of identify
 i - a scroll of teleportation
 j - a scroll of brand weapon
 k - a scroll of amnesia {unknown}
Potions
 a - a potion of magic
 c - a potion of enlightenment {unknown}
 d - a potion of heal wounds {unknown}
 e - 2 potions of mutation {unknown}
 h - a potion of ambrosia {unknown}


   Skills:
 + Level 2.0 Fighting
 - Level 2.0 Dodging
 - Level 2.6 Stealth
 + Level 2.9 Spellcasting
 * Level 1.4 Conjurations
 - Level 1.0 Transmutations
 + Level 1.6 Air Magic
 + Level 4.5 Poison Magic


You had 3 spell levels left.
You knew the following spells:

 Your Spells              Type           Power      Damage    Failure   Level
a - Sting                 Tmut/Pois      52%        1d5       4%          1
b - Poisonous Vapours     Pois/Air       28%        N/A       6%          2
c - Mephitic Cloud        Conj/Pois/Air  12%        N/A       16%         3

Your spell library contained the following spells:

 Spells                   Type           Power      Damage    Failure   Level
 Olgreb's Toxic Radiance  Pois           20%        N/A       24%         4


Dungeon Overview and Level Annotations

Branches:
Dungeon (4/15)
 Temple: D:4-7

Altars:


Innate Abilities, Weirdness & Mutations

You cannot wear most types of armour.
You are amphibious.
You can wear up to eight rings at the same time.
Your skin changes colour to match your surroundings (Stealth+).
Your rubbery body absorbs attacks. (AC +1, EV +1)
((You are camouflaged when in or above water. (Stealth+)))
You have tentacles for arms and can constrict up to eight enemies at once.


Message History

No target in view!
An orc is nearby!
A gnoll comes into view. It is wielding a +0 halberd.
Things that are here:
a +0 short sword; 2 stones A gnoll comes into view.
It is wielding a +0 club.
The gnoll hits you from afar with a +0 halberd!
Casting: Poisonous Vapours (safe; 6% risk of failure)
Confirm with . or Enter, or press ? or * to list all spells.
The spell is quite dangerous to miscast (16% risk of failure)!
Continue anyway?
Aiming: Mephitic Cloud (quite dangerous; 16% risk of failure)
Press: ? - help, Shift-Dir - straight line The ball explodes into a vile cloud!
The stinking cloud engulfs the goblin but does no damage.
The stinking cloud engulfs the gnoll but does no damage. x2
Something shouts, "Accept thy failure, thou villainous hell-hated whey-face!"
You hear a shout! x4
The gnoll is engulfed in noxious fumes.
The goblin is engulfed in noxious fumes.
The goblin appears confused.
The goblin closely misses the gnoll.
The gnoll is engulfed in noxious fumes.
The gnoll appears confused.
The gnoll is engulfed in noxious fumes.
The gnoll appears confused.
The goblin is engulfed in noxious fumes.
The goblin appears confused.
Things that are here:
a +0 short sword; 2 stones
There is a stone staircase leading down, spattered with blood here.
You feel a bit more experienced.
You see here a scroll of teleportation.
The orc hits you with a +0 trident!
You barely miss the orc. Your grab misses the orc. Your squeeze misses the orc.
The orc hits you with a +0 trident.
You barely miss the orc. Your grab misses the orc.
The gnoll hits you with a +0 flail!
* * * LOW HITPOINT WARNING * * *
The orc hits you with a +0 trident.
* * * LOW HITPOINT WARNING * * *
Okay, then.
You feel yourself speed up. The orc hits you with a +0 trident!
You die...

#.#.. .... ... # # #.. .#.# #
#..##.#.# #.###....... #......#.#
#....?..# #g #.#..# ###.g@###
.##.##.#..# #..o# ...........
###### #.>g# #.....#..# . ...<#
#...# .....#...
.####..#######..)#######..#...g..
...................g.g....#...#gg
..#................g.g..#####....
#........รท................#.o.##.
##.##.##.###.#...#.######.#.###


You could see 2 gnolls and an orc.

Vanquished Creatures
  Natasha (thrice) (D:2)
  An adder (D:2)
  A worm (D:2)
  2 dart slugs (D:1)
  4 orcs (D:3)
  An endoplasm (D:1)
  4 goblins
  7 hobgoblins
  4 jackals
  A quokka (D:2)
  3 ball pythons (D:1)
  4 bats
  2 frilled lizards
  7 kobolds
  4 rats
48 creatures vanquished.

Notes
Turn   | Place    | Note
-------+----------+-------------------------------------------
     0 | D:1      | Ijustatesigmund the Octopode Venom Mage began the quest for
                  | the Orb.
     0 | D:1      | Reached XP level 1. HP: 11/11 MP: 3/3
     6 | D:1      | Noticed a rime drake
     6 | D:1      | Noticed a black mamba
     6 | D:1      | Noticed a komodo dragon
   316 | D:1      | Reached XP level 2. HP: 7/18 MP: 0/5
   371 | D:1      | Learned a level 2 spell: Poisonous Vapours
   584 | D:1      | Reached skill level 1 in Fighting
   584 | D:1      | Reached skill level 4 in Poison Magic
  1157 | D:2      | Reached XP level 3. HP: 23/23 MP: 3/6
  1586 | D:2      | Noticed Natasha
  1594 | D:2      | Killed Natasha
  1595 | D:2      | Reached skill level 1 in Air Magic
  1595 | D:2      | Reached XP level 4. HP: 24/29 MP: 4/7
  1872 | D:2      | Learned a level 3 spell: Mephitic Cloud
  1998 | D:2      | Noticed Natasha
  2005 | D:2      | Killed Natasha
  2276 | D:2      | Noticed Natasha
  2282 | D:2      | Killed Natasha
  2283 | D:2      | Reached skill level 1 in Conjurations
  2283 | D:2      | Reached XP level 5. HP: 34/34 MP: 2/9
  2993 | D:3      | Slain by an orc

Illustrated notes

Levels and vault maps discovered:
D:1:      onia_arrival_zoo_common, layout_rooms
D:2:      layout_basic, uniq_natasha
D:3:      minmay_roachtagon, layout_loops_cross, serial_shops,
          nicolae_shop_statue_plus, minivault_14, uniq_robin
D:4:      layout_gridville

Skill      XL: |  1  2  3  4 |
---------------+-------------+-----
Fighting       | 1 2 |  2.0
Poison Magic   | 4 |  4.5
Air Magic      | 1 |  1.6
Conjurations   | 1 |  1.4
Dodging        | |  2.0
Stealth        | |  2.6
Spellcasting   | |  2.9
Transmutations | |  1.0

Action                     |  1- 3 |  4- 6 || total
---------------------------+-------+-------++-------
  Melee: Unarmed           |     8 |       ||     8
         Constrict         |    14 |    10 ||    24
         Punch             |     1 |     1 ||     2
         Short sword       |    36 |    35 ||    71
         Tentacles         |     7 |     4 ||    11
   Cast: Sting             |    13 |       ||    13
         Poisonous Vapours |    17 |    14 ||    31
         Mephitic Cloud    |       |     3 ||     3
    Use: Scroll            |     4 |       ||     4
         Potion            |       |     1 ||     1
   Stab: Sleeping          |     1 |     2 ||     3
 Armour: Skin              |     3 |     4 ||     7
  Dodge: Dodged            |    27 |    22 ||    49

Table legend: (Time is in decaauts)
 A = Elapsed time spent in this place.
 B = Non-inter-level travel time spent in this place.
 C = Inter-level travel time spent in this place.
 D = Time resting spent in this place.
 E = Time spent auto-exploring this place.
 F = Levels seen in this place.
 G = Mean time per level.
                   A        B        C        D        E       F      G
               +--------+--------+--------+--------+--------+-----+--------+
         Total |   2998 |   2971 |     27 |    865 |   1742 |   4 |  749.5 |
       Dungeon |   2998 |   2971 |     27 |    865 |   1742 |   4 |  749.5 |
               +--------+--------+--------+--------+--------+-----+--------+

Top non-repeatable levels by time:
     D:2: 1597 daAuts
     D:1: 885 daAuts
     D:4: 272 daAuts
     D:3: 242 daAuts
